Unix NetHack Version 5.0.0-0 post-release - last build May  4 2026 22:22:43 (774f63e81ad911689b3a0859ea89b322d5daca8d,branch:main).

Game began 2026-05-09 02:05:33, ended 2026-05-09 21:36:45.

Kwijibo4686, neutral female human Valkyrie

                                                             ----
  -------           ----                                  ----..----
  |.....|       ----.|.--                 ---        ------......|.---    --
  |..--.---  ----.......|                --.-------- |...............|    |.--
  ----|...| --.........-                 |.........--|  --.-.........|    --.|
      ---.| |........---                 |-...----..------...|.......------..|
        |.| |.%....---                   |...--  --..|.......|--.......|....--
        |.------..)|  --- ---            --..|    --.....-...---.........----
        |...|  |..)| --..--.-----        --..--    |-..|..............----
       ----.----...--|......[...--       |....---- |...|-....----.....---
       |..|..|.......|.--........|       --..*&[.----.------..---.......|
  ---- |........>))...--|.....<.-|        ---@....| ---    --.......--- -
 --..---......----.....---.-.....|          --....|         ---.....|
 |............|  ----...[.).....-----------  --...|           --...--
 -............|     --..-------....)......--  |...|           --.^.|
|..........|.--      |...|    -----------..----.-----  --------...--
--.......-----       |...|             |.(......| |.----.|.--.....|
 |......--           --..|             |.....---- |...|...........|
 --...*.|             ----             --.....|   --.........`...--
  ---.---                               |..----    ----.--.|.|.---
    ---                                 ----          ----------
Kwijibo4686 the Fighter     St:18/07 Dx:14 Co:18 In:7 Wi:7 Ch:9  Neutral
Dlvl:10 $:323 HP:0(75) Pw:10(10) AC:-6 Xp:8 T:5793 

Latest messages:
 The skeleton throws a dart!
 The dart misses the bone devil.
 A dart misses you.
 The bone devil thrusts its dwarvish short sword.
 The bone devil hits!
 The bone devil stings!
 A skeleton appears in a cloud of smoke!
 The bone devil thrusts its dwarvish short sword.
 The bone devil hits!
 The bone devil misses!
 The skeleton picks up a dart.
 The bone devil picks up a dart.
 The skeleton throws a knife!
 A knife misses you.
 The bone devil picks up 2 crossbow bolts.
 The bone devil picks up a dwarvish spear.
 The skeleton picks up a dart.
 The bone devil picks up a corroded knife.
 You hit the bone devil!
 The skeleton throws a dart!
 The dart misses the bone devil.
 A dart misses you.
 A skeleton appears in a cloud of smoke!
 The bone devil thrusts its dwarvish short sword.
 The bone devil hits!
 The bone devil just misses!
 You hit the skeleton!
 You hit the skeleton!
 The skeleton throws a dart!
 The dart misses the bone devil.
 A dart misses you.
 The bone devil thrusts its dwarvish short sword.
 The bone devil hits!
 The bone devil stings!
 You hit the skeleton!
 You hit the skeleton!
 The skeleton hits!
 The skeleton touches you!
 The bone devil thrusts its dwarvish short sword.
 The bone devil hits!
 The bone devil stings!
 What do you want to zap? [hAFHT or ?*] ?
 In what direction? >
 You dig a hole through the floor.
 You fall through...
 All the adjacent objects fall through the hole.
 The bone devil thrusts its dwarvish short sword.
 The bone devil hits!
 You die...
 Do you want your possessions identified? [ynq] (y) q

Inventory:
 Coins    ('$')
  $ - 323 gold pieces
 Weapons  (')')
  q - a +1 spear (weapon in right hand)
 Armor    ('[')
  n - a blessed +2 dwarvish iron helm (being worn)
  p - an uncursed +0 pair of iron shoes (being worn)
  c - an uncursed +3 small shield (being worn)
  u - an uncursed +0 dwarvish mithril-coat (being worn)
 Comestibles  ('%')
  x - 3 uncursed slime molds
  d - 4 uncursed food rations
  O - an uncursed lembas wafer
  l - an uncursed tin of soup made from dwarf meat
  K - an uncursed lizard corpse
 Rings    ('=')
  w - an uncursed ring of free action
 Wands    ('/')
  h - a wand of digging (0:5)
  H - a wand of make invisible (0:6)
  T - a wand of probing (0:4)
  A - a wand of striking (0:4)
  F - a wand of striking (0:2)
 Tools    ('(')
  a - an uncursed sack containing 7 items
  y - an uncursed blindfold
  r - an uncursed lock pick
  v - an uncursed magic lamp (lit)
  s - an uncursed skeleton key

Contents of the sack:
  an uncursed candy bar labeled "Apollo"
  an uncursed cram ration
  4 uncursed food rations
  an uncursed tripe ration
  2 uncursed tins of red mold
  2 uncursed lichen corpses
  a +0 pick-axe

Kwijibo4686 the Valkyrie's attributes:

Background:
 You were a Fighter, a level 8 human Valkyrie.
 You were neutral, on a mission for Odin
 who was opposed by Tyr (lawful) and Loki (chaotic).
 You were right-handed.
 You were in the Gnomish Mines, on level 10.
 You entered the dungeon 5793 turns ago.
 You had 2286 experience points, 274 more were needed to attain level 9.

Basics:
 You had 0 out of 75 hit points.
 You had all 10 energy points (spell power).
 Your armor class was -6.
 Your wallet contained 323 zorkmids.
 Autopickup was on for '$?!/="' plus thrown.

Final Characteristics:
 Your strength was 18/07 (limit:18/100).
 Your dexterity was 14 (limit:18).
 Your constitution was 18 (limit:18).
 Your intelligence was 7 (limit:18).
 Your wisdom was 7 (peak:8, limit:18).
 Your charisma was 9 (limit:18).

Final Status:
 You weren't hungry.
 You were unencumbered.
 You were wielding a spear.
 You had expert skill with spear.

Final Attributes:
 You were piously aligned.
 You were cold resistant.
 You were stealthy.
 You were guarded.
 You were fast.
 You are dead.

Miscellaneous:
 You didn't encounter any bones levels.
 Total elapsed playing time was 48 minutes and 17 seconds.

Major events:
 Turn
    1: Kwijibo4686 the neutral human Valkyrie entered the dungeon
  946: attained the rank of Skirmisher (level 3)
  968: entered the Gnomish Mines
 1430: reached Mine Town
 1640: attained the rank of Fighter (level 6)
 5793: killed by a bone devil

You didn't know any spells.

Skills:
 Fighting Skills
   bare handed combat [Unskilled]
   two weapon combat  [Unskilled]
   riding             [Unskilled]
 Weapon Skills
   dagger             [Basic]
   axe                [Unskilled]
   pick-axe           [Unskilled]
   short sword        [Unskilled]
   broadsword         [Unskilled]
   long sword         [Unskilled]
   two-handed sword   [Unskilled]
   saber              [Unskilled]
   hammer             [Unskilled]
   quarterstaff       [Unskilled]
   polearms           [Unskilled]
   spear              [Expert]
   trident            [Unskilled]
   lance              [Unskilled]
   sling              [Unskilled]
 Spellcasting Skills
   attack spells      [Unskilled]
   escape spells      [Unskilled]

Voluntary challenges:
 Character rerolling was not enabled.
 You never genocided any monsters.
 You never polymorphed an object.
 You never changed form.
 You used no wishes.
Achievements:
 You attained the rank of Skirmisher.
 You entered the Gnomish Mines.
 You entered Minetown.
 You entered a temple.
 You entered a shop.
 You attained the rank of Fighter.

 The Dungeons of Doom: levels 1 to 7
    Level 1:
       A sink.
    Level 2:
    Level 3:
    Level 4:
       A fountain.
       Stairs down to The Gnomish Mines.
    Level 5:
       Some fountains.
    Level 6:
    Level 7:
 The Gnomish Mines: levels 5 to 12
    Level 5:
    Level 6:
    Level 7:
       Many shops, a temple and an altar, some fountains.
    Level 8:
    Level 9:
    Level 10: <- You were here.
       Final resting place for
          you, killed by a bone devil.
    Level 11:
    Level 12:


Vanquished creatures:
  a frost giant
  a winter wolf
  a small mimic
  a pyrolisk
  a wraith
  a quivering blob
  2 giant spiders
  a black light
  3 gnome rulers
  a gold golem
  a lizard
  a dingo
  a dwarf leader
  a blue jelly
  a raven
 an ape
  a human zombie
  5 Woodland-elves
  5 Mordor orcs
  2 orc shamans
  a rock piercer
  2 ponies
  a yellow light
 10 gnome leaders
  5 gnomish wizards
  2 kobold mummies
  a floating eye
 14 dwarves
  a rabid rat
  a giant bat
  a dwarf zombie
  3 iguanas
  4 coyotes
  2 hobbits
  6 manes
  a large kobold
  2 hobgoblins
 53 gnomes
  a gnome zombie
  a gecko
  7 jackals
  2 kobolds
  2 goblins
  9 grid bugs
  6 lichens
  5 newts
175 creatures vanquished.

No species were genocided or became extinct.

Game over:
                       ----------
                      /          \
                     /    REST    \
                    /      IN      \
                   /     PEACE      \
                  /                  \
                  |   Kwijibo4686    |
                  |      323 Au      |
                  | killed by a bone |
                  |      devil       |
                  |                  |
                  |                  |
                  |       2026       |
                 *|     *  *  *      | *
        _________)/\\_//(\/(/\)/\//\/|_)_______

Farvel Kwijibo4686 the Valkyrie...

You died in The Gnomish Mines on dungeon level 10 with 10005 points,
and 323 pieces of gold, after 5793 moves.
You were level 8 with a maximum of 75 hit points when you died.

